 Dungeon Crawl Stone Soup version bcrawl-1.13.5 (webtiles) character file.

Game seed: 3419126654270701998

21 binko the Magician (level 2, -1/24 HPs)
             Began as an Oni Wizard on Sept 4, 2019.
             Slain by a kobold (3 damage)
             ... on level 2 of the Dungeon.
             The game lasted 00:03:34 (1730 turns).

binko the Magician (Oni Wizard)                     Turns: 1730, Time: 00:03:35

Health: -1/24      AC:  2    Str: 10    XL:     2   Next: 87%
Magic:  7/7        EV: 12    Int: 19    God:
Gold:   37         SH:  0    Dex:  9    Spells: 4/5 levels left

rFire    . . .     SeeInvis .   a - +0 staff
rCold    . . .     Gourm    .   (no shield)
rNeg     . . .     Faith    .   b - +0 animal skin
rPois    .         Spirit   .   c - +0 hat
rElec    .         Reflect  .   (no cloak)
rCorr    .         Harm     .   (no gloves)
MR       .....                  (no boots)
Stlth    ++........             (no amulet)
HPRegen  0.08/turn              (no ring)
MPRegen  0.10/turn              (no ring)

@: lethally poisoned (-1 -> -9)
A: oni magic, claws 1, fangs 1, horns 1
a: no special abilities


You were on level 2 of the Dungeon.
You were very hungry.

You visited 1 branch of the dungeon, and saw 3 of its levels.

You collected 37 gold pieces.

Inventory:

Hand Weapons
 a - a +0 staff (weapon)
Armour
 b - a +0 animal skin (worn)
 c - a +0 hat (worn)
Jewellery
 p - an uncursed ring of fire
Scrolls
 d - a scroll of teleportation {unknown}
 g - a scroll of amnesia {unknown}
 j - a scroll of blinking {unknown}
 k - a scroll of remove curse {unknown}
 n - a scroll of fear {unknown}
 o - a scroll of identify {unknown}
Potions
 e - a potion of curing {unknown}
 h - a potion of lignification {unknown}
 i - a potion of haste {unknown}
 l - a potion of brilliance {unknown}
 m - a potion of resistance {unknown}
Comestibles
 f - 6 rations {!d}


   Skills:
 + Level 1.9 Fighting
 - Level 1.7 Dodging
 - Level 1.7 Stealth
 - Level 2.4 Spellcasting


You had 4 spell levels left.
You knew the following spells:

 Your Spells              Type           Power        Failure   Level  Hunger
a - Magic Dart            Conj           ##..         5%          1    #......

Your spell library contained the following spells:

 Spells                   Type           Power        Failure   Level  Hunger
 Slow                     Hex            ##......     5%          1    #......
 Summon Small Mammal      Summ           ##..         5%          1    #......
 Blink                    Tloc           N/A          8%          2    ##.....
 Call Imp                 Summ           ##......     8%          2    ##.....
 Conjure Flame            Conj/Fire      ##......     19%         3    ###....
 Mephitic Cloud           Conj/Pois/Air  ##......     19%         3    ###....


Dungeon Overview and Level Annotations

Branches:
Dungeon (3/12)

Altars:

Annotations:
D:2 Sigmund


Innate Abilities, Weirdness & Mutations

You learn spells by gaining experience, not through books or religion.
You only train spellcasting to practice magic.
You have sharp fingernails.
You have very sharp teeth.
You have a pair of small horns on your head.


Message History

You closely miss the adder.
You feel sick. The adder bites you but does no damage. The kobold hits you.
You hit the adder. You headbutt the adder.
The adder is severely wounded.
The adder barely misses you. The kobold hits you. The adder closely misses you.
You closely miss the adder.
The adder is severely wounded.
You feel sick. The adder barely misses you. The kobold hits you.
* * * LOW HITPOINT WARNING * * *
The adder misses you.
You barely miss the adder.
The adder is severely wounded.
The kobold closely misses you. The adder bites you but does no damage.
You hit the adder. You bite the adder, but do no damage.
The adder is almost dead.
You feel sick. The adder bites you.
* * * LOW HITPOINT WARNING * * *
You are more poisoned.
The adder poisons you! The kobold hits you.
You die...

##... ............ #...#
##.....#.#.## #...#
##........... #...#
#......(>.#.# #...#
#.......##.# #...#
#...(.....#
#...######.........#
##........#.#.##.##.#
............#..K@#
.............%##.S......
............#.......#...
##...####.#......####
#........###.####
#...###### #.# #...# #.#
...# #.# ...# #$@


You could see an adder and a kobold.

Vanquished Creatures
  An ooze (D:1)
  A leopard gecko (D:1)
  An orc (D:1)
  A ball python (D:2)
  3 goblins (D:1)
  2 hobgoblins (D:1)
  A quokka (D:2)
  A frilled lizard (D:2)
  A kobold (D:2)
  4 rats
16 creatures vanquished.

Notes
Turn   | Place    | Note
-------+----------+-------------------------------------------
     0 | D:1      | binko the Oni Wizard began the quest for the Orb.
     0 | D:1      | Reached XP level 1. HP: 14/14 MP: 5/5
   331 | D:1      | Reached skill level 1 in Fighting
   331 | D:1      | Reached XP level 2. HP: 17/23 MP: 7/7
  1700 | D:2      | Noticed Sigmund
  1705 | D:3      | Noticed a crimson imp
  1710 | D:3      | Noticed a phantom
  1730 | D:2      | Slain by a kobold

Skill      XL: |  1 |
---------------+----+-----
Fighting       | 1 |  1.9
Dodging        | |  1.7
Stealth        | |  1.7
Spellcasting   | |  2.4

Action                   || total
-------------------------++-------
Melee: Staff             ||    74
       Headbutt          ||     5
       Bite              ||     3
 Stab: Sleeping          ||     1
  Eat: Chunk             ||     1
Armor: Animal skin       ||    16
Dodge: Dodged            ||    56
